 Dungeon Crawl Stone Soup version 0.24-a0-458-gfcb5e6d (webtiles) character file.

Game seed: 8706237998119222933

97 CanOfBees the Caller (level 4, 0/25 HPs)
             Began as a Deep Elf Summoner on June 28, 2019.
             Slain by Grinder (4 damage)
             ... on level 3 of the Dungeon.
             The game lasted 00:05:33 (4695 turns).

CanOfBees the Caller (Deep Elf Summoner)            Turns: 4695, Time: 00:05:34

Health: 0/25       AC:  2    Str:  5    XL:     4   Next: 42%
Magic:  7/12       EV: 13    Int: 21    God:
Gold:   110        SH:  0    Dex: 15    Spells: 5/11 levels left

rFire    . . .     SeeInvis .   q - +0 spear (pierce)
rCold    + . .     Gourm    .   (no shield)
rNeg     . . .     Faith    .   a - +0 robe
rPois    .         Spirit   .   (no helmet)
rElec    .         Reflect  .   (no cloak)
rCorr    .         Harm     .   (no gloves)
MR       .....                  (no boots)
Stlth    +++.......             (no amulet)
HPRegen  0.08/turn              l - ring of protection from cold
MPRegen  0.13/turn              (no ring)

@: no status effects
A: no striking features
a: no special abilities


You were on level 3 of the Dungeon.
You were very hungry.

You visited 1 branch of the dungeon, and saw 3 of its levels.

You collected 110 gold pieces.

Inventory:

Hand Weapons
 f - a +0 short sword of speed
 q - a +0 spear of piercing (weapon)
Missiles
 b - 66 stones (quivered)
 n - 14 bolts
 r - 25 arrows
 s - 5 boomerangs
Armour
 a - a +0 robe (worn)
Jewellery
 l - a ring of protection from cold (left hand)
Scrolls
 d - a scroll of teleportation
 g - a scroll of fear
 h - 2 scrolls of identify
 j - a scroll of enchant armour {unknown}
 k - a scroll of fog
 m - a scroll of immolation
 o - a scroll of remove curse
 p - a scroll of blinking
Potions
 e - 2 potions of might
 i - 2 potions of flight
Comestibles
 c - 5 rations


   Skills:
 + Level 1.0 Fighting
 - Level 3.0 Dodging
 + Level 3.7 Stealth
 + Level 4.1 Spellcasting
 + Level 5.0 Summonings


You had 5 spell levels left.
You knew the following spells:

 Your Spells              Type           Power        Failure   Level  Hunger
a - Summon Small Mammal   Summ           ####         1%          1    None
b - Call Imp              Summ           ####....     2%          2    #......
c - Call Canine Familiar  Summ           ####....     4%          3    ###....

Your spell library contained the following spells:

 Spells                   Type           Power        Failure   Level  Hunger
 Summon Guardian Golem    Hex/Summ       ##......     13%         3    ###....
 Summon Ice Beast         Ice/Summ       ##......     38%         4    ####...
 Summon Lightning Spire   Summ/Air       ##......     38%         4    ####...


Dungeon Overview and Level Annotations

Branches:
Dungeon (3/15)

Altars:

Annotations:
D:3 Grinder


Message History

Grinder is nearby!
Casting: Call Imp (safe; 2% risk of failure)
Confirm with . or Enter, or press ? or * to list all spells.
Grinder shouts!
Grinder blinks!
Grinder gestures at you.
Your hound writhes in agony!
Your hound bites Grinder.
Your hound closely misses Grinder.
Grinder misses you.
Your hound barely misses Grinder.
Casting: Call Canine Familiar (safe; 4% risk of failure)
Confirm with . or Enter, or press ? or * to list all spells.
A metallic apparition takes form in the air.
Grinder hits you!
You writhe in agony.
Your hound barely misses Grinder.
You closely miss Grinder.
Grinder is lightly wounded.
Your hound bites Grinder but does no damage.
Grinder hits you!
* * * LOW HITPOINT WARNING * * *
You writhe in agony.
You die...

#.## #.# #.# #.# #.# #.#
# #.# #)# #.# # #.# #.#
#.# # #.# #.# #<# # #.#
#)#### #.# #
#.####....#########.####
#.....55................
######h@..####.########.
#.#### #.# ....... #.#
#.# .#####. #.# #.# .###
## #.# #.# ... ..
#.#######.##.######
#...)...........#
#########.#####.# #.#


You could see Grinder, a friendly hound and a friendly iron imp.

Vanquished Creatures
  An adder (D:2)
  A giant cockroach (D:3)
  6 goblins (D:1)
  A hobgoblin (D:1)
  A bat (D:1)
  3 kobolds (D:1)
  2 rats
15 creatures vanquished.

Vanquished Creatures (collateral kills)
  A bullfrog (D:3)
  3 gnolls (D:3)
  2 adders
  A dart slug (D:1)
  4 goblins
  2 hobgoblins (D:2)
  3 bats (D:1)
  A frilled lizard (D:1)
  5 kobolds (D:1)
  6 rats
28 creatures vanquished.

Grand Total: 43 creatures vanquished

Notes
Turn   | Place    | Note
-------+----------+-------------------------------------------
     0 | D:1      | CanOfBees the Deep Elf Summoner began the quest for the
                  | Orb.
     0 | D:1      | Reached XP level 1. HP: 10/10 MP: 6/6
   689 | D:1      | Reached XP level 2. HP: 12/15 MP: 5/8
   693 | D:1      | Learned a level 2 spell: Call Imp
  2114 | D:2      | Reached XP level 3. HP: 17/19 MP: 8/10
  3127 | D:3      | Noticed Grinder
  3184 | D:3      | Noticed a bullfrog
  3437 | D:3      | Learned a level 3 spell: Call Canine Familiar
  3447 | D:3      | Killed a bullfrog
  3447 | D:3      | Reached XP level 4. HP: 10/24 MP: 3/11
  3997 | D:3      | Reached skill level 1 in Fighting
  4018 | D:3      | Reached skill level 5 in Summonings
  4695 | D:3      | Slain by Grinder

Levels and vault maps discovered:
D:1:      ebering_hopf_link, layout_basic
D:2:      layout_basic
D:3:      layout_loops_ring, uniq_jessica, uniq_natasha,
          uniq_crazy_yiuf_cottage, uniq_grinder, uniq_robin

Skill      XL: |  1  2  3  4 |
---------------+-------------+-----
Stealth        | 3 |  3.7
Dodging        | 3 |  3.0
Spellcasting   | 4 |  4.1
Fighting       | 1 |  1.0
Summonings     | 5 |  5.0

Action                   |  1- 3 |  4- 6 || total
-------------------------+-------+-------++-------
Melee: Unarmed           |    10 |       ||    10
       Short sword       |    52 |       ||    52
       Spear             |     7 |    19 ||    26
Throw: Stone             |     7 |     1 ||     8
 Cast: Summon Small Mamm |    29 |       ||    29
       Call Imp          |    19 |     6 ||    25
       Call Canine Famil |     1 |     2 ||     3
  Use: Scroll            |     9 |       ||     9
       Potion            |     1 |       ||     1
  Eat: Chunk             |     8 |     3 ||    11
Armor: Robe              |     8 |     8 ||    16
Dodge: Dodged            |    57 |    12 ||    69

Table legend:
 A = Non-vault XP
 B = Vault XP
 C = Vault XP percentage of total XP
 D = Non-vault monster count
 E = Vault monster count
 F = Vault count percentage of total count
                 A         B        C        D         E       F
            +---------+---------+-------+---------+---------+-------
      Total |     139 |       0 |   0.0 |      43 |       0 |   0.0
            +---------+---------+-------+---------+---------+-------
        D:1 |      39 |       0 |   0.0 |      29 |       0 |   0.0
        D:2 |      19 |       0 |   0.0 |       6 |       0 |   0.0
        D:3 |      81 |       0 |   0.0 |       8 |       0 |   0.0
            +---------+---------+-------+---------+---------+-------
